 Dungeon Crawl Stone Soup version 0.20.1-1-g8b1a95d (webtiles) character file.

226 sprush the Caller (level 6, -8/42 HPs)
             Began as a Barachi Summoner on Oct 31, 2017.
             Mangled by sprush's ghost (9 damage)
             ... in a sewer.
             The game lasted 00:30:38 (3965 turns).

sprush the Caller (Barachi Summoner)                Turns: 3965, Time: 00:30:39

Health: -8/42      AC:  2    Str: 10    XL:     6   Next: 1%
Magic:  7/12       EV: 12    Int: 17    God:
Gold:   97         SH:  0    Dex: 12    Spells: 9/13 levels left

rFire    . . .     SeeInvis .   y - +1 dagger (venom)
rCold    + . .     Gourm    .   (no shield)
rNeg     . . .     Faith    .   a - +0 robe
rPois    .         Spirit   .   (no helmet)
rElec    .         Reflect  .   (no cloak)
rCorr    .         Harm     .   (no gloves)
MR       .....                  (no boots)
Stlth    ++........             (no amulet)
Regen    0.2/turn               r - ring of protection from cold
MPRegen  0.2/turn               (no ring)

@: can't hop, very slightly contaminated, slow
A: +LOS, swims, slowness 1, strong legs 1
a: Hop


You were in a sewer.
You were hungry.

You visited 1 branch of the dungeon, and saw 4 of its levels.
You also visited: Sewer.

You collected 97 gold pieces.

Inventory:

Hand Weapons
 i - a +0 club
 x - a +0 hunting sling
 y - a +1 dagger of venom (weapon)
 z - a +2 mace of protection
Missiles
 d - 71 sling bullets
 g - 97 stones
 h - 5 tomahawks of returning (quivered)
 B - 49 arrows
Armour
 a - a +0 robe (worn)
 o - a +0 chain mail
Jewellery
 r - a ring of protection from cold (left hand)
Wands
 f - a wand of random effects (18/48)
 s - a wand of flame (28/48)
Scrolls
 e - a scroll of enchant weapon {unknown}
 j - 2 scrolls of identify {unknown}
 l - 2 scrolls of amnesia {unknown}
 n - a scroll of remove curse
 u - 2 scrolls of enchant armour {unknown}
 v - a scroll of fear {unknown}
 w - 3 scrolls of fog {unknown}
 C - a scroll of teleportation {unknown}
 F - a scroll of recharging {unknown}
Potions
 m - 2 potions of agility {unknown}
 q - a potion of might {unknown}
 t - a potion of mutation {unknown}
 A - 2 potions of curing {unknown}
Books
 b - a book of Callings

   Spells                             Type                      Level
   a - Summon Small Mammal            Summoning                    1
   b - Call Imp                       Summoning                    2
   c - Call Canine Familiar           Summoning                    3
   d - Summon Guardian Golem          Hexes/Summoning              3
   e - Summon Lightning Spire         Summoning/Air                4
   f - Summon Ice Beast               Ice/Summoning                4
Comestibles
 c - 3 bread rations
 k - 2 meat rations
 D - 5 chunks of flesh
 E - a royal jelly


   Skills:
 * Level 0.8 Fighting
 * Level 1.6 Armour
 * Level 2.2 Dodging
 - Level 2.0 Stealth
 + Level 0.2 Unarmed Combat
 * Level 4.1 Spellcasting
 * Level 6.6 Summonings


You had 9 spell levels left.
You knew the following spells:

 Your Spells              Type           Power        Failure   Level  Hunger
a - Summon Small Mammal   Summ           ####         1%          1    None
b - Call Canine Familiar  Summ           ####....     3%          3    ###....


Dungeon Overview and Level Annotations

Branches:
Dungeon (4/15)
 Temple: D:4-7

Altars:

Annotations:
Sewer sprush's ghost, amateur BaSu


Innate Abilities, Weirdness & Mutations

Shadows flee at your approach. (+LOS)
You can swim through water.
You cover ground slowly.
You can hop short distances.


Message History

Sprush's ghost is heavily damaged.
Your hound bites sprush's ghost.
Your quokka barely misses sprush's ghost.
Sprush's ghost hits you.
* * * LOW HITPOINT WARNING * * *
You hit sprush's ghost but do no damage.
Sprush's ghost is severely damaged.
Your hound bites sprush's ghost.
Your quokka barely misses sprush's ghost.
Your hound barely misses sprush's ghost.
Sprush's ghost gestures wildly while chanting.
You hit sprush's ghost but do no damage.
Sprush's ghost is severely damaged.
The bat barely misses you.
Your quokka misses sprush's ghost. The bat hits you.
* * * LOW HITPOINT WARNING * * *
Your hound bites sprush's ghost.
The quokka bites you.
* * * LOW HITPOINT WARNING * * *
Your quokka barely misses sprush's ghost.
The bat misses you. Sprush's ghost hits you!
You die...

.# .# ####### .#
##.....## .#
##..r≈...## .#
##(.r≈≈≈...#######.#
#.∩.((≈≈≈..........#
##...≈≈(...#######.#
##...≈W@b## .#
##..hrr## .# #######
.# .. .. W. ...


You could see sprush's ghost, a quokka, a bat, a friendly hound and 3 friendly
quokkas.

Vanquished Creatures
  An adder (D:2)
  A dart slug (D:1)
  2 leopard geckos (D:4)
  3 giant cockroaches
  A jackal (D:1)
  3 bats (Sewer)
11 creatures vanquished.

Vanquished Creatures (collateral kills)
  Purgy (Sewer)
  An orc priest (D:3)
  Jessica (D:2)
  3 orc wizards (D:3)
  Terence (D:2)
  A worm (D:2)
  2 dart slugs (D:1)
  3 leopard geckos
  9 orcs
  8 bats
  6 giant cockroaches
  4 goblins (D:1)
  5 hobgoblins
  A jackal (D:1)
  A quokka (D:3)
  2 ball pythons
  5 frilled lizards
  4 kobolds
  A rat (D:2)
59 creatures vanquished.

Grand Total: 70 creatures vanquished

Notes
Turn   | Place    | Note
-------+----------+-------------------------------------------
     0 | D:1      | sprush the Barachi Summoner began the quest for the Orb.
     0 | D:1      | Reached XP level 1. HP: 13/13 MP: 3/3
    59 | D:1      | Reached skill level 5 in Summonings
   287 | D:1      | Reached XP level 2. HP: 19/19 MP: 0/5
  1433 | D:2      | Reached XP level 3. HP: 10/24 MP: 4/6
  1773 | D:2      | Learned a level 3 spell: Call Canine Familiar
  1807 | D:2      | Noticed Jessica
  1840 | D:2      | Killed Jessica
  1995 | D:2      | Noticed Terence
  2004 | D:2      | Killed Terence
  2179 | D:2      | Reached XP level 4. HP: 31/31 MP: 8/8
  2821 | D:3      | Reached skill level 6 in Summonings
  3033 | D:3      | Reached XP level 5. HP: 34/36 MP: 1/10
  3771 | D:4      | Found a glowing drain.
  3793 | Sewer    | Entered a sewer
  3821 | Sewer    | Noticed Purgy
  3822 | Sewer    | Noticed sprush's ghost (amateur BaSu)
  3855 | Sewer    | Killed Purgy
  3855 | Sewer    | Reached skill level 1 in Armour
  3855 | Sewer    | Reached XP level 6. HP: 7/42 MP: 0/12
  3965 | Sewer    | HP: 1/42 [quokka[sprush's ghost] (5)]
  3965 | Sewer    | Mangled by sprush's ghost

Skill      XL: |  1  2  3  4  5 |
---------------+----------------+-----
Summonings     | 5 6 |  6.6
Stealth        | 2 |  2.0
Spellcasting   | 3 4 |  4.1
Armour         | 1 |  1.6
Fighting       | |  0.8
Dodging        | |  2.2
Unarmed Combat | |  0.2

Action                   |  1- 3 |  4- 6 || total
-------------------------+-------+-------++-------
Melee: Unarmed           |     8 |       ||     8
       Club              |    26 |     4 ||    30
       Dagger            |       |    34 ||    34
Throw: Tomahawk          |     4 |     7 ||    11
       Stone             |     2 |       ||     2
 Cast: Summon Small Mamm |    40 |    32 ||    72
       Call Canine Famil |     4 |    19 ||    23
 Abil: Hop               |       |     2 ||     2
  Use: Scroll            |     1 |     1 ||     2
  Eat: Chunk             |     5 |     8 ||    13
Armor: Robe              |    11 |    12 ||    23
Dodge: Dodged            |    24 |    29 ||    53
